 Dungeon Crawl Stone Soup version 0.22-a0-157-g169b76a (webtiles) character file.

758 MatthieuS the Sneak (level 7, -4/51 HPs)
             Began as a Gnoll Enchanter on Feb 8, 2018.
             Was a Follower of Ru.
             Shot with an arrow by a centaur (15 damage)
             ... on level 5 of the Dungeon.
             The game lasted 00:12:24 (3368 turns).

MatthieuS the Sneak (Gnoll Enchanter)               Turns: 3368, Time: 00:12:24

Health: -4/51      AC:  4    Str: 10    XL:     7   Next: 80%
Magic:  14/15      EV: 15    Int: 19    God:    Ru [*.....]
Gold:   232        SH:  0    Dex: 16    Spells: 5/17 levels left

rFire    . . .     SeeInvis .   a - +0 dagger (venom)
rCold    . . .     Gourm    .   (no shield)
rNeg     . . .     Faith    .   g - +0 leather armour
rPois    .         Spirit   .   (no helmet)
rElec    .         Reflect  .   (no cloak)
rCorr    .         Harm     .   j - +0 pair of gloves
MR       .....                  (no boots)
Stlth    +++.......             n - amulet of regeneration
HPRegen  0.57/turn              (no ring)
MPRegen  0.14/turn              (no ring)

@: no status effects
A: distributed training, fangs 1, no fire magic, no summoning magic, no
transmutations magic, strong nose
a: Renounce Religion


You were on level 5 of the Dungeon.
You worshipped Ru.
Ru was aware of your devotion.
You were hungry.

You visited 1 branch of the dungeon, and saw 5 of its levels.

You collected 232 gold pieces.

Inventory:

Hand Weapons
 a - a +0 dagger of venom (weapon)
 q - a +2 vampiric long sword
 r - a +1 dagger of freezing
 t - a +3 shortbow
Armour
 b - a +0 robe
 g - a +0 leather armour (worn)
 j - a +0 pair of gloves (worn)
Jewellery
 n - an amulet of regeneration (around neck)
Scrolls
 e - 2 scrolls of noise {unknown}
 f - 2 scrolls of blinking {unknown}
 h - 3 scrolls of amnesia {unknown}
 k - 2 scrolls of teleportation {unknown}
 m - a scroll of enchant armour {unknown}
 p - a scroll of identify
 v - a scroll of remove curse {unknown}
Potions
 i - a potion of curing {unknown}
 l - 2 potions of might {unknown}
 o - a potion of haste {unknown}
 u - a potion of resistance {unknown}
Books
 c - a book of Maledictions

   Spells                             Type                      Level
   a - Corona                         Hexes                        1
   b - Ensorcelled Hibernation        Hexes/Ice                    2
   c - Confuse                        Hexes                        3
   d - Tukima's Dance                 Hexes                        3
   e - Dazzling Spray                 Conjuration/Hexes            3
Comestibles
 d - 8 rations


   Skills:
 + Level 2.6 Fighting
 + Level 3.7 Short Blades
 + Level 2.6 Long Blades
 + Level 2.6 Axes
 + Level 2.6 Maces & Flails
 + Level 2.6 Polearms
 + Level 2.6 Staves
 + Level 2.6 Slings
 + Level 2.6 Bows
 + Level 2.6 Crossbows
 + Level 2.6 Throwing
 + Level 2.6 Armour
 + Level 5.3 Dodging
 + Level 6.6 Stealth
 + Level 2.6 Shields
 + Level 2.6 Unarmed Combat
 + Level 5.7 Spellcasting
 + Level 2.1 Conjurations
 + Level 5.9 Hexes
 + Level 2.1 Charms
   Level 0.0 Summonings
 + Level 2.1 Necromancy
 + Level 2.1 Translocations
   Level 0.0 Transmutations
   Level 0.0 Fire Magic
 + Level 2.1 Ice Magic
 + Level 2.1 Air Magic
 + Level 2.1 Earth Magic
 + Level 2.1 Poison Magic
 + Level 3.0 Invocations
 + Level 2.6 Evocations


You had 5 spell levels left.
You knew the following spells:

 Your Spells              Type           Power        Failure   Level  Hunger
a - Corona                Hex            ####...      1%          1    None
b - Ensorcelled Hibernat  Hex/Ice        ###...       4%          2    None
c - Confuse               Hex            ####....     4%          3    ##.....
d - Tukima's Dance        Hex            ####....     4%          3    ##.....
e - Dazzling Spray        Conj/Hex       ###...       9%          3    ##.....


Dungeon Overview and Level Annotations

Branches:
Dungeon (5/15)
 Temple: D:4-7

Altars:
Cheibriados
Gozag
Ru
Trog
Uskayaw
Wu Jian
Yredelemnul
The Shining One


Innate Abilities, Weirdness & Mutations

Your experience applies equally to all skills.
You have very sharp teeth.
You cannot study or cast Fire magic.
You cannot study or cast Summoning magic.
You cannot study or cast Transmutations magic.
Your uncanny sense of smell can sniff out nearby items.


Message History

You bite the centaur, but do no damage.
The centaur is lightly wounded.
The centaur misses you. The orc hits you but does no damage.
The centaur closely misses you. The centaur hits you.
You hit the centaur.
The centaur looks as sick as possible!
The centaur is moderately wounded.
The centaur hits you!
* * * LOW HITPOINT WARNING * * *
The centaur hits you but does no damage.
The centaur hits you.
* * * LOW HITPOINT WARNING * * *
You see here 2 inedible chunks of flesh.
The centaur wields an uncursed shortbow.
The centaur shoots an arrow.
The arrow closely misses you.
A crimson imp comes into view.
The crimson imp moves out of view.
The centaur shoots an arrow.
The arrow barely misses you.
The centaur shoots an arrow.
The arrow hits you!
You die...

#######.....
##.....#.....
###............
#..........5... ####
#..............
#..####..............
##...(...........#
#####..(###.%.oo@...##.
.##...).##.............#
........).....c.>...####
...##......>.....(..#
....##..(.....<...(.#
.....##............(#
......................
.....#............###.#
.......#...##......# .#


You could see a centaur, a crimson imp (wandering) and 2 orcs.

Vanquished Creatures
  The ghost of ultrashaft the Skirmisher, a novice OgHu (D:3)
  2 scorpions
  An orc priest (D:5)
  An iguana (D:4)
  2 orc wizards
  A hound zombie (D:3)
  3 gnolls (D:4)
  3 adders
  2 oozes (D:4)
  An adder skeleton (D:4)
  2 worms
  3 dart slugs
  4 leopard geckos
  5 orcs
  5 bats
  4 giant cockroaches
  5 hobgoblins
  5 jackals
  2 kobolds
  A quokka (D:4)
  A frilled lizard (D:3)
  15 goblins
  9 rats
78 creatures vanquished.

Notes
Turn   | Place    | Note
-------+----------+-------------------------------------------
     0 | D:1      | MatthieuS the Gnoll Enchanter began the quest for the Orb.
     0 | D:1      | Reached XP level 1. HP: 13/13 MP: 6/6
   365 | D:1      | Reached XP level 2. HP: 13/19 MP: 7/7
   374 | D:1      | Learned a level 2 spell: Ensorcelled Hibernation
   922 | D:2      | Reached XP level 3. HP: 23/25 MP: 9/9
   931 | D:2      | Reached skill level 5 in Spellcasting
   991 | D:2      | Reached skill level 6 in Stealth
  1009 | D:2      | Reached skill level 1 in Invocations
  1130 | D:2      | Reached skill level 1 in Fighting
  1130 | D:2      | Reached skill level 1 in Long Blades
  1130 | D:2      | Reached skill level 1 in Axes
  1130 | D:2      | Reached skill level 1 in Maces & Flails
  1130 | D:2      | Reached skill level 1 in Polearms
  1130 | D:2      | Reached skill level 1 in Staves
  1130 | D:2      | Reached skill level 1 in Slings
  1130 | D:2      | Reached skill level 1 in Bows
  1130 | D:2      | Reached skill level 1 in Crossbows
  1130 | D:2      | Reached skill level 1 in Throwing
  1130 | D:2      | Reached skill level 1 in Armour
  1130 | D:2      | Reached skill level 1 in Shields
  1130 | D:2      | Reached skill level 1 in Unarmed Combat
  1130 | D:2      | Reached skill level 1 in Evocations
  1290 | D:2      | Found a sacrificial altar of Ru.
  1293 | D:2      | Reached XP level 4. HP: 32/32 MP: 11/11
  1310 | D:2      | Became a worshipper of Ru the Awakened
  1373 | D:3      | Found an ornate altar of the Wu Jian Council.
  1373 | D:3      | Found an opulent altar of Gozag.
  1373 | D:3      | Found a basalt altar of Yredelemnul.
  1373 | D:3      | Found a bloodstained altar of Trog.
  1459 | D:3      | Reached skill level 1 in Conjurations
  1459 | D:3      | Reached skill level 1 in Charms
  1459 | D:3      | Reached skill level 1 in Summonings
  1459 | D:3      | Reached skill level 1 in Necromancy
  1459 | D:3      | Reached skill level 1 in Translocations
  1459 | D:3      | Reached skill level 1 in Transmutations
  1459 | D:3      | Reached skill level 1 in Fire Magic
  1459 | D:3      | Reached skill level 1 in Ice Magic
  1459 | D:3      | Reached skill level 1 in Air Magic
  1459 | D:3      | Reached skill level 1 in Earth Magic
  1459 | D:3      | Reached skill level 1 in Poison Magic
  1470 | D:3      | Noticed ultrashaft's ghost (novice OgHu)
  1601 | D:2      | Learned a level 3 spell: Confuse
  1605 | D:2      | Learned a level 3 spell: Tukima's Dance
  1609 | D:2      | Learned a level 3 spell: Dazzling Spray
  1733 | D:3      | HP: 1/32 [ultrashaft's ghost (11)]
  1871 | D:3      | Found a snail-covered altar of Cheibriados.
  1912 | D:3      | Reached XP level 5. HP: 26/37 MP: 12/12
  2295 | D:3      | Killed ultrashaft's ghost
  2295 | D:3      | Reached skill level 5 in Dodging
  2295 | D:3      | Reached XP level 6. HP: 25/45 MP: 1/14
  2295 | D:3      | Reached XP level 7. HP: 28/51 MP: 1/15
  2566 | D:3      | Found a glowing golden altar of the Shining One.
  2898 | D:4      | Found a hide-covered altar of Uskayaw.
  2949 | D:4      | Gained mutation: You cannot study or cast Fire magic. [Ru sacrifice]
  2949 | D:4      | Gained mutation: You cannot study or cast Transmutations magic. [Ru sacrifice]
  2949 | D:4      | Gained mutation: You cannot study or cast Summoning magic. [Ru sacrifice]
  2949 | D:4      | Reached * piety under Ru
  3263 | D:5      | Entered Level 5 of the Dungeon
  3368 | D:5      | Shot with an arrow by a centaur

Vault maps used:
D:1:      doesnt_arrival_eight_statues, lemuel_flame_loot_1
D:2:      nicolae_ru_great_annihilating_truth, minmay_pentomino_o2
D:3:      nicolae_tso_swordbearing_angel,
          chequers_temple_overflow_statue_of_worship, cheibriados_altar_1,
          first_ration
D:4:      eat_drink_and_be_merry_uskayaw, kennysheep_windowed_goal

Skill      XL: |  1  2  3  4  5  6  7 |
---------------+----------------------+-----
Spellcasting   | 5 |  5.7
Stealth        | 6 |  6.6
Invocations    | 1 2 3 |  3.0
Fighting       | 1 2 |  2.6
Long Blades    | 1 2 |  2.6
Axes           | 1 2 |  2.6
Maces & Flails | 1 2 |  2.6
Polearms       | 1 2 |  2.6
Staves         | 1 2 |  2.6
Slings         | 1 2 |  2.6
Bows           | 1 2 |  2.6
Crossbows      | 1 2 |  2.6
Throwing       | 1 2 |  2.6
Armour         | 1 2 |  2.6
Shields        | 1 2 |  2.6
Unarmed Combat | 1 2 |  2.6
Evocations     | 1 2 |  2.6
Conjurations   | 1 2 |  2.1
Charms         | 1 2 |  2.1
Summonings     | 1 0 |  0.0
Necromancy     | 1 2 |  2.1
Translocations | 1 2 |  2.1
Transmutations | 1 0 |  0.0
Fire Magic     | 1 0 |  0.0
Ice Magic      | 1 2 |  2.1
Air Magic      | 1 2 |  2.1
Earth Magic    | 1 2 |  2.1
Poison Magic   | 1 2 |  2.1
Short Blades   | 3 |  3.7
Dodging        | 5 |  5.3
Hexes          | |  5.9

Action                   |  1- 3 |  4- 6 |  7- 9 || total
-------------------------+-------+-------+-------++-------
Melee: Dagger            |    84 |   108 |    59 ||   251
       Bite              |     4 |    17 |     7 ||    28
 Cast: Corona            |     2 |       |       ||     2
       Ensorcelled Hiber |    19 |     8 |     5 ||    32
       Confuse           |       |     9 |       ||     9
Invok: Sacrifice Arcana  |       |       |     1 ||     1
  Use: Scroll            |     2 |       |       ||     2
 Stab: Sleeping          |    19 |    10 |     8 ||    37
       Confused          |       |     4 |       ||     4
       Paralysed         |       |     1 |       ||     1
  Eat: Chunk             |     1 |     4 |     3 ||     8
Armor: Robe              |    13 |     4 |       ||    17
       Leather armour    |       |       |    11 ||    11
Dodge: Dodged            |    64 |    37 |    36 ||   137

Table legend:
 A = Spawn XP
 B = Non-spawn XP
 C = Spawn XP percentage of total XP
 D = Spawn monster count
 E = Non-spawn monster count
 F = Spawn count percentage of total count
 G = Total turns spent on level
                    A         B        C        D         E        F      G
               +---------+---------+-------+---------+---------+-------+---------
         Total |       0 |    1084 |   0.0 |       0 |      78 |   0.0 |  3368
               +---------+---------+-------+---------+---------+-------+---------
           D:1 |       0 |      25 |   0.0 |       0 |      14 |   0.0 |   850
           D:2 |       0 |      96 |   0.0 |       0 |      19 |   0.0 |   704
           D:3 |       0 |     656 |   0.0 |       0 |      27 |   0.0 |  1165
           D:4 |       0 |     193 |   0.0 |       0 |      15 |   0.0 |   544
           D:5 |       0 |     114 |   0.0 |       0 |       3 |   0.0 |   105
               +---------+---------+-------+---------+---------+-------+---------
